[Event "Titled Tuesday Blitz April 12 Early 2022"]
[White "Ishbaev, Alibek"]
[Black "Subelj, Jan"]
[WhiteFideId "14205017"]
[BlackFideId "14618583"]
[WhiteElo "2315"]
[BlackElo "2306"]
[Result "0-1"]
[Round "03"]
[TimeControl "180+1"]
[Date "2022.04.13"]
[WhiteClock "0:00:10"]
[BlackClock "0:00:13"]

1. c4 Nf6 2. Nc3 g6 3. e4 Bg7 4. g3 O-O 5. Bg2 e5 6. Nge2 Nc6 7. O-O d6 8. d3 Kh8 9. h3 Ng8 10. f4 exf4 11. Bxf4 Nd4 12. Kh2 Ne6 13. Be3 c6 14. Qd2 Bd7 15. Rf2 Qe7 16. Raf1 Rae8 17. b3 a5 18. d4 Qd8 19. d5 Nc5 20. dxc6 Bxc6 21. Nd5 Nxe4 22. Bxe4 Rxe4 23. Nec3 Bxd5 24. Nxd5 f5 25. g4 fxg4 26. Rxf8 Bxf8 27. Rxf8 Qxf8 28. Bd4+ Re5 29. hxg4 Qh6+ 30. Qxh6 Nxh6 31. Kg3 Nf7 32. Bxe5+ dxe5 33. Nf6 Kg7 34. Ne4 Kf8 35. Nc5 Nd6 36. Nd7+ Ke7 37. Nxe5 Ke6 38. Nd3 b6 39. Kf4 h6 40. c5 g5+ 41. Kf3 bxc5 42. Nxc5+ Kd5 43. Nd7 Kd4 44. a3 Kc3 45. b4 axb4 46. axb4 Kxb4 47. Ne5 Kc5 48. Ke3 Kd5 49. Nd7 Nc4+ 50. Kf3 Kd4 51. Nf6 Kd3 52. Ng8 Ne5+ 53. Kg3 Nf7 54. Nf6 Ke3 55. Ng8 Ke4 56. Nf6+ Ke5 57. Nh5 Nd6 58. Kf3 Ne4 59. Ng7 Nd2+ 60. Kg3 Ne4+ 61. Kf3 Nf6 62. Kg3 Ng8 63. Kf3 Ne7 64. Kg3 Kf6 65. Nh5+ Kg6 66. Kf3 Nc6 67. Ng3 Ne5+ 68. Ke4 Nxg4 69. Nf5 Nf6+ 70. Ke5 h5 71. Ne7+ Kf7 72. Nf5 h4 73. Ne3 Kg6 74. Nf5 Nd7+ 75. Ke6 Nc5+ 76. Ke5 Nd3+ 77. Ke4 Nf2+ 78. Kf3 Kxf5 79. Kxf2 Kf4 0-1


[Site "https://www.chess.com"]

[Event "Titled Tuesday Blitz April 12 Early 2022"]
[White "Janaszak, Dawid"]
[Black "De Arruda, Leandro Formes"]
[WhiteFideId "1119206"]
[BlackFideId "22722009"]
[WhiteElo "2199"]
[BlackElo "1852"]
[Result "1-0"]
[Round "03"]
[TimeControl "180+1"]
[Date "2022.04.13"]
[WhiteClock "0:00:37"]
[BlackClock "0:00:01"]

1. e4 e6 2. b3 d5 3. Bb2 dxe4 4. Nc3 Nf6 5. Qe2 Nc6 6. Nxe4 Nxe4 7. Qxe4 Qd5 8. Qe3 Nb4 9. Qc3 Qe4+ 10. Kd1 Nd5 11. Qg3 f6 12. Bd3 Qb4 13. Bxh7 Bd7 14. Bg6+ Kd8 15. a3 Qb6 16. Be4 Ne7 17. Ne2 Nc6 18. Nf4 f5 19. Bf3 Rg8 20. Qh4+ Be7 21. Qh7 Re8 22. Nd3 Bf6 23. Bxf6+ gxf6 24. Bh5 Rf8 25. Qg7 Re8 26. Bxe8 Bxe8 27. Qxf6+ Ne7 28. Re1 Bd7 29. Ne5 c5 30. Nf7+ Kc7 31. Qxe7 Qc6 32. Ne5 Rd8 33. Nxc6 1-0


[Site "https://www.chess.com"]

[Event "Titled Tuesday Blitz April 12 Early 2022"]
[White "Jeet, Jain"]
[Black "Sanchez, Robert"]
[WhiteFideId "5073022"]
[BlackFideId "2034360"]
[WhiteElo "2085"]
[BlackElo "2363"]
[Result "1-0"]
[Round "03"]
[TimeControl "180+1"]
[Date "2022.04.13"]
[WhiteClock "0:00:11"]
[BlackClock "0:00:09"]

1. d4 d5 2. Nf3 c6 3. c4 Nf6 4. Nc3 dxc4 5. a4 Bf5 6. e3 e6 7. Bxc4 Bb4 8. O-O O-O 9. Qb3 Qe7 10. Bd2 a5 11. Ne2 Na6 12. Ng3 Bg6 13. Rfd1 c5 14. Bxb4 Nxb4 15. Rac1 cxd4 16. Nxd4 Rac8 17. Bb5 h5 18. h3 h4 19. Nge2 e5 20. Nf4 exf4 21. exf4 Rxc1 22. Rxc1 Qe4 23. Nf3 Qxf4 24. Rc4 Ne4 25. Rd4 Qc1+ 26. Rd1 Qc2 27. Qxc2 Nxc2 28. Nxh4 Bh7 29. Rd7 b6 30. Rb7 g5 31. Nf3 Rd8 32. Ne5 Rd1+ 33. Kh2 Nxf2 34. Nxf7 Ne4 35. Nh6+ Kh8 36. Bc4 Ne3 37. Nf7+ Kg7 38. Nxg5+ Kg6 39. Nxe4 Nf1+ 40. Kg1 Ng3+ 41. Kh2 Nxe4 42. Rxb6+ Kg5 43. Be6 Kf4 44. Rb3 1-0


[Site "https://www.chess.com"]

[Event "Titled Tuesday Blitz April 12 Early 2022"]
[White "Jobava, Baadur"]
[Black "Gaehwiler, Gabriel"]
[WhiteFideId "13601520"]
[BlackFideId "1314530"]
[WhiteElo "2617"]
[BlackElo "2383"]
[Result "1-0"]
[Round "03"]
[TimeControl "180+1"]
[Date "2022.04.12"]
[WhiteClock "0:00:31"]
[BlackClock "0:00:32"]

1. d4 Nf6 2. Nc3 d5 3. Bf4 c6 4. e3 g6 5. h3 Bg7 6. Nf3 O-O 7. Bd3 Nbd7 8. O-O b6 9. e4 dxe4 10. Nxe4 Bb7 11. Re1 c5 12. Nxf6+ Bxf6 13. Bh6 Bg7 14. Bxg7 Kxg7 15. Be4 Bxe4 16. Rxe4 Nf6 17. Rh4 cxd4 18. Qd2 h5 19. Rxd4 Qc7 20. Rd1 Rac8 21. c3 Qc5 22. Re1 Rc7 23. Ne5 b5 24. a3 a5 25. Re3 Rb7 26. Qe1 b4 27. axb4 axb4 28. Nd3 Qf5 29. Nxb4 Re8 30. Re5 Qc8 31. Qe3 Qc7 32. Rd1 Rd8 33. Re1 Rd7 34. Na6 Qd8 35. Nc5 e6 36. Rxe6 Nd5 37. Qe5+ f6 38. Nxb7 Rxb7 39. Rd6 fxe5 40. Rxd8 Nf4 41. Rd2 Kf6 42. h4 Ne6 43. g3 Nc5 44. Kg2 e4 45. b4 Na4 46. Rd6+ Kf7 47. Rc6 Re7 48. b5 1-0


[Site "https://www.chess.com"]

[Event "Titled Tuesday Blitz April 12 Early 2022"]
[White "Jumabayev, Rinat"]
[Black "Seo, Jung Min"]
[WhiteFideId "13702661"]
[BlackFideId "1734687"]
[WhiteElo "2561"]
[BlackElo "2401"]
[Result "1-0"]
[Round "03"]
[TimeControl "180+1"]
[Date "2022.04.12"]
[WhiteClock "0:01:31"]
[BlackClock "0:01:23"]

1. d4 Nf6 2. c4 e6 3. Nc3 Bb4 4. Nf3 O-O 5. e3 d5 6. Bd3 c5 7. O-O dxc4 8. Bxc4 Nc6 9. a3 Bxc3 10. bxc3 Qc7 11. h3 Rd8 12. Ba2 e5 13. Bb2 h6 14. Qe2 b6 15. Rfd1 Bb7 16. d5 e4 17. Nh4 Ne5 18. c4 b5 19. Nf5 Qd7 20. Nxh6+ 1-0


[Site "https://www.chess.com"]

[Event "Titled Tuesday Blitz April 12 Early 2022"]
[White "Kaminski, Victor"]
[Black "Papp, Levente"]
[WhiteFideId "1131630"]
[BlackFideId "751243"]
[WhiteElo "2181"]
[BlackElo "2308"]
[Result "1-0"]
[Round "03"]
[TimeControl "180+1"]
[Date "2022.04.13"]
[WhiteClock "0:00:46"]
[BlackClock "0:00:05"]

1. e4 e6 2. d3 d5 3. Nd2 Nf6 4. g3 c5 5. Bg2 Nc6 6. Ngf3 b6 7. O-O Bb7 8. Qe2 Be7 9. Re1 Qc7 10. e5 Nd7 11. Nf1 h6 12. h4 g5 13. hxg5 hxg5 14. Bxg5 Bxg5 15. Nxg5 Ndxe5 16. f4 Ng6 17. f5 Nge5 18. fxe6 O-O-O 19. exf7 Qd6 20. Qf2 Qg6 21. Qf4 Rdf8 22. Rxe5 Nxe5 23. Qxe5 Rh5 24. Qe7 Qg7 25. Ne6 Qxf7 26. Qxf8+ Qxf8 27. Nxf8 Rh6 28. c4 Kd8 29. Bxd5 Bc8 30. Re1 1-0


[Site "https://www.chess.com"]

[Event "Titled Tuesday Blitz April 12 Early 2022"]
[White "Karas, Marek"]
[Black "Roebers, Jan"]
[WhiteFideId "14928558"]
[BlackFideId "1007815"]
[WhiteElo "2271"]
[BlackElo "2147"]
[Result "1-0"]
[Round "03"]
[TimeControl "180+1"]
[Date "2022.04.13"]
[WhiteClock "0:00:57"]
[BlackClock "0:00:08"]

1. c4 Nf6 2. Nc3 g6 3. d4 Bg7 4. e4 d6 5. Nf3 O-O 6. Be2 Bg4 7. Be3 Bxf3 8. Bxf3 e5 9. d5 a5 10. O-O Nbd7 11. a3 b6 12. b4 axb4 13. axb4 Qe7 14. Nb5 Rxa1 15. Qxa1 Ne8 16. Qa7 f5 17. Nxc7 fxe4 18. Bxe4 Ndf6 19. Bd3 Qxc7 20. Qxc7 Nxc7 21. Bxb6 Na8 22. Be3 e4 23. Be2 Nd7 24. c5 dxc5 25. bxc5 Ne5 26. Rd1 Nc7 27. c6 Nd3 28. d6 Nd5 29. Bxd3 Nxe3 30. fxe3 exd3 31. Rxd3 Be5 32. Rd5 Re8 33. Rxe5 Rxe5 34. d7 1-0


[Site "https://www.chess.com"]

[Event "Titled Tuesday Blitz April 12 Early 2022"]
[White "Kejzar, Petra"]
[Black "Noboa Silva, Kevin"]
[WhiteFideId "14610213"]
[BlackFideId "3618471"]
[WhiteElo "2003"]
[BlackElo "2172"]
[Result "0-1"]
[Round "03"]
[TimeControl "180+1"]
[Date "2022.04.13"]
[WhiteClock "0:00:21"]
[BlackClock "0:01:19"]

1. c4 Nf6 2. Nc3 d5 3. cxd5 Nxd5 4. g3 g6 5. Bg2 Nb6 6. Nf3 Bg7 7. O-O O-O 8. d4 Nc6 9. Be3 Nc4 10. b3 Nxe3 11. fxe3 e5 12. d5 e4 13. Nxe4 Nb4 14. Rb1 Nxd5 15. Qd3 Bf5 16. Nd4 Nxe3 17. Nxf5 Nxf5 18. Nc5 Bd4+ 19. Kh1 Bxc5 20. Bxb7 Qxd3 21. exd3 Rad8 22. Be4 Nd6 23. Rbc1 Nxe4 24. dxe4 Bb6 25. a4 a5 26. Rc4 Rd4 27. Rfc1 Rxc4 28. Rxc4 Rd8 29. b4 axb4 30. Rxb4 Rd4 0-1


[Site "https://www.chess.com"]

[Event "Titled Tuesday Blitz April 12 Early 2022"]
[White "Khripachenko, Alexander"]
[Black "Atanejhad, Sahebali"]
[WhiteFideId "54184975"]
[BlackFideId "12506664"]
[WhiteElo "2193"]
[BlackElo "1953"]
[Result "1-0"]
[Round "03"]
[TimeControl "180+1"]
[Date "2022.04.13"]
[WhiteClock "0:00:16"]
[BlackClock "0:00:00"]

1. e4 c5 2. Nf3 g6 3. d4 cxd4 4. Qxd4 Nf6 5. e5 Nc6 6. Qa4 Nd5 7. Qb3 Nc7 8. Nc3 Bg7 9. Bf4 O-O 10. O-O-O d5 11. exd6 exd6 12. Bxd6 Re8 13. Bc4 Ne6 14. Rhe1 Na5 15. Qa4 Bd7 16. Bb5 Bxb5 17. Nxb5 a6 18. Nc7 Nxc7 19. Bxc7 Qxc7 20. Rxe8+ Rxe8 21. Qxe8+ Bf8 22. Rd8 Qf4+ 23. Kb1 Qh6 24. Ne5 Qg7 25. f4 Nc6 26. Nxc6 bxc6 27. c3 Qh6 28. a4 1-0


[Site "https://www.chess.com"]

[Event "Titled Tuesday Blitz April 12 Early 2022"]
[White "Kobalia, Mikhail"]
[Black "Caruana, Fabiano"]
[WhiteFideId "4119150"]
[BlackFideId "2020009"]
[WhiteElo "2667"]
[BlackElo "2744"]
[Result "1-0"]
[Round "03"]
[TimeControl "180+1"]
[Date "2022.04.12"]
[WhiteClock "0:00:27"]
[BlackClock "0:00:10"]

1. e4 e5 2. Nf3 Nf6 3. Nxe5 d6 4. Nf3 Nxe4 5. d4 d5 6. Bd3 Bd6 7. O-O O-O 8. c4 c6 9. Nc3 Nxc3 10. bxc3 dxc4 11. Bxc4 Bf5 12. Bg5 Qa5 13. d5 Be4 14. dxc6 Bxf3 15. Qxf3 Nxc6 16. Qd5 Qxc3 17. Rac1 Qe5 18. Qxe5 Bxe5 19. Rfd1 Rac8 20. Rd7 Rc7 21. Rxc7 Bxc7 22. Bd5 Rc8 23. Kf1 Bb6 24. Rd1 h6 25. Bh4 g5 26. Bg3 Rd8 27. Bf3 Rxd1+ 28. Bxd1 Kg7 29. Ke2 Bd4 30. Kd3 Be5 31. Kc4 Bxg3 32. hxg3 Kf6 33. Kc5 Ke5 34. Bf3 Nd8 35. a4 f5 36. Bd5 b6+ 37. Kc4 Kd6 38. Bf3 Ne6 39. Bd1 a6 40. Bc2 Ke5 41. Bd1 g4 42. Bc2 h5 43. Kb4 f4 44. Bd3 fxg3 45. fxg3 Nc5 46. Bg6 Kf6 47. Bxh5 Kg5 48. Be8 Ne4 49. Bc6 Nxg3 50. Bb7 a5+ 51. Kb5 Ne2 52. Kxb6 Kf4 53. Kxa5 Kg3 54. Kb6 Nf4 55. a5 Nxg2 56. a6 1-0


[Site "https://www.chess.com"]

[Event "Titled Tuesday Blitz April 12 Early 2022"]
[White "Korchmar, Vasiliy"]
[Black "Xiong, Jeffery"]
[WhiteFideId "24131750"]
[BlackFideId "2047640"]
[WhiteElo "2370"]
[BlackElo "2727"]
[Result "1/2-1/2"]
[Round "03"]
[TimeControl "180+1"]
[Date "2022.04.12"]
[WhiteClock "0:00:13"]
[BlackClock "0:00:19"]

1. d4 d5 2. Bf4 c5 3. e3 Nc6 4. Nf3 Bg4 5. Nbd2 e6 6. c3 cxd4 7. exd4 Bd6 8. Bg3 Nge7 9. Qb3 O-O 10. Bd3 Rb8 11. Ne5 Nxe5 12. dxe5 Bc7 13. Qa4 Bf5 14. Bxf5 Nxf5 15. Qxa7 Nxg3 16. hxg3 Bxe5 17. Qe3 Bf6 18. O-O b5 19. a3 d4 20. cxd4 Bxd4 21. Qb3 Qf6 22. Rab1 Rfd8 23. Nf3 e5 24. Nxd4 exd4 25. Rbd1 h5 26. Rd3 Qe5 27. Rfd1 Rd7 28. Qb4 Rbd8 29. b3 g6 30. a4 bxa4 31. bxa4 Rd5 32. a5 Rb5 33. Qd2 Rxa5 34. Rxd4 Rxd4 35. Qxd4 Qxd4 36. Rxd4 Ra1+ 37. Kh2 Rf1 38. f3 Kg7 39. Rb4 Kf6 40. Rb6+ Kg7 41. Ra6 Rb1 42. Ra7 Rc1 43. Rb7 Ra1 44. Rc7 Kf6 45. Rc6+ Kg7 46. Rc7 Kf6 47. Rc6+ Kg7 48. Rc7 1/2-1/2


[Site "https://www.chess.com"]

[Event "Titled Tuesday Blitz April 12 Early 2022"]
[White "Kosteniuk, Alexandra"]
[Black "Kakulidis, Ellen"]
[WhiteFideId "4128125"]
[BlackFideId "1444972"]
[WhiteElo "2469"]
[BlackElo "1852"]
[Result "1-0"]
[Round "03"]
[TimeControl "180+1"]
[Date "2022.04.13"]
[WhiteClock "0:00:32"]
[BlackClock "0:00:06"]

1. Nf3 d5 2. g3 e6 3. Bg2 Nf6 4. O-O Be7 5. c4 O-O 6. d4 c6 7. Nc3 b6 8. b3 a5 9. Ne5 Nfd7 10. f4 Ba6 11. cxd5 cxd5 12. f5 Nxe5 13. dxe5 Nc6 14. fxe6 fxe6 15. Nxd5 Bc5+ 16. Be3 Bxe3+ 17. Nxe3 Rc8 18. Rxf8+ Qxf8 19. Qd6 Nb4 20. Qxe6+ Kh8 21. Qd6 Qe8 22. Bh3 Rd8 23. Qxb6 Rd2 24. Nf5 h6 25. Qc7 Rd7 26. Qxa5 Nc2 27. Rc1 1-0


[Site "https://www.chess.com"]

[Event "Titled Tuesday Blitz April 12 Early 2022"]
[White "Kostina, Nadezhda"]
[Black "Vusatiuk, Vladimir"]
[WhiteFideId "4195876"]
[BlackFideId "14118610"]
[WhiteElo "1982"]
[BlackElo "2157"]
[Result "0-1"]
[Round "03"]
[TimeControl "180+1"]
[Date "2022.04.13"]
[WhiteClock "0:00:02"]
[BlackClock "0:00:06"]

1. e4 Nc6 2. d4 d5 3. exd5 Qxd5 4. Be3 e5 5. Qf3 Qa5+ 6. Bd2 Qb6 7. d5 Qxb2 8. dxc6 Qxa1 9. Qb3 Qd4 10. cxb7 Qe4+ 11. Be2 Qxb7 12. Bb5+ c6 13. Ba4 Qxb3 14. Bxc6+ Bd7 15. Bxd7+ Kxd7 16. axb3 Bc5 17. Nf3 f6 18. Ke2 Ne7 19. b4 Bb6 20. c4 Bc7 21. Be3 Rhb8 22. b5 a6 23. Nc3 axb5 24. Nxb5 Ra2+ 25. Kd3 Bb6 26. c5 Bxc5 27. Nc3 Bxe3 28. Nxa2 Bxf2 29. Rd1 Ke6 30. Ke2 Rb2+ 31. Rd2 Rxd2+ 32. Nxd2 Bg1 33. h3 f5 34. Nc3 Nd5 35. Nb5 Nf4+ 36. Kf1 Bc5 37. Nf3 h6 38. Nc7+ Kd7 39. Nb5 e4 40. Ne5+ Ke6 41. Nc4 Nd3 42. Ke2 Ne5 43. Ne3 f4 44. Ng4 Nxg4 45. hxg4 Kf6 46. Nc3 Ke5 47. Na4 Bd4 48. Kf1 g6 49. Ke2 Kf6 50. Kf1 Kg5 51. Ke2 Kxg4 0-1


[Site "https://www.chess.com"]

[Event "Titled Tuesday Blitz April 12 Early 2022"]
[White "Kostiukov, Alexandr"]
[Black "Baches Garcia, Guillermo"]
[WhiteFideId "14108100"]
[BlackFideId "2209764"]
[WhiteElo "2202"]
[BlackElo "2501"]
[Result "1-0"]
[Round "03"]
[TimeControl "180+1"]
[Date "2022.04.13"]
[WhiteClock "0:01:04"]
[BlackClock "0:00:09"]

1. g3 e5 2. Bg2 h5 3. h4 d5 4. c4 d4 5. d3 g6 6. Nf3 Bg7 7. O-O Ne7 8. e3 c5 9. exd4 cxd4 10. b4 O-O 11. Re1 Bg4 12. Qb3 Nd7 13. Nbd2 a5 14. bxa5 Nc5 15. Qc2 Nc6 16. Ba3 Qxa5 17. Bxc5 Qxc5 18. Rab1 Nb4 19. Qb3 Nxa2 20. Qxb7 Nc3 21. Qb6 Qxb6 22. Rxb6 Ra2 23. c5 Bh6 24. Nc4 e4 25. dxe4 d3 26. Rd6 Bxf3 27. Bxf3 d2 28. Rf1 Rb8 29. c6 Nb5 30. Rd7 Rc8 31. e5 Rc2 32. Nd6 Rc7 33. Nxf7 Rc1 34. Nxh6+ Kf8 35. Bd1 R7xc6 36. Rxd2 1-0


[Site "https://www.chess.com"]

[Event "Titled Tuesday Blitz April 12 Early 2022"]
[White "Kouskoutis, Georgios-Alexandros"]
[Black "Tsyhanchuk, Stanislav"]
[WhiteFideId "4234049"]
[BlackFideId "13505130"]
[WhiteElo "2130"]
[BlackElo "2078"]
[Result "0-1"]
[Round "03"]
[TimeControl "180+1"]
[Date "2022.04.13"]
[WhiteClock "0:00:05"]
[BlackClock "0:00:17"]

1. c4 Nf6 2. g3 h5 3. h3 e5 4. Bg2 Nc6 5. Nc3 h4 6. g4 d6 7. d3 Nd7 8. Rb1 a5 9. a3 Nc5 10. b4 axb4 11. axb4 Ne6 12. b5 Na5 13. Ra1 Bd7 14. Nf3 c6 15. bxc6 bxc6 16. O-O Be7 17. Ba3 Nb7 18. Qb3 Nbc5 19. Qc2 O-O 20. e3 Rb8 21. d4 exd4 22. Nxd4 Nxd4 23. exd4 Ne6 24. Rfd1 Nf4 25. d5 c5 26. Rdb1 Rxb1+ 27. Rxb1 Bf6 28. Bc1 Be5 29. Bxf4 Bxf4 30. Be4 Be5 31. Rb7 Bc8 32. Rb8 Qa5 33. Bf5 Bxf5 34. Rxf8+ Kxf8 35. Qxf5 Qxc3 36. Qc8+ Ke7 37. Qc7+ Kf6 38. Qd8+ Kg6 39. Qxh4 Qc1+ 40. Kg2 Qh6 41. Qd8 Qf4 42. Qh4 Qg5 43. Qh8 f5 44. Qe8+ Kh7 45. Qe6 fxg4 46. hxg4 Qh6 47. Qf5+ Qg6 48. Qf3 Kg8 49. Kh3 Qh6+ 50. Kg2 Qh2+ 51. Kf1 Qf4 52. Qxf4 Bxf4 53. Ke2 Kf7 54. Kd3 Kf6 55. Ke4 g5 56. f3 Bg3 57. Kd3 Ke5 58. Ke3 Bh2 59. Kd3 Kf4 0-1


[Site "https://www.chess.com"]

[Event "Titled Tuesday Blitz April 12 Early 2022"]
[White "Kozak, Antoni"]
[Black "Pourkashiyan, Atousa"]
[WhiteFideId "21832030"]
[BlackFideId "12502014"]
[WhiteElo "2236"]
[BlackElo "2247"]
[Result "1-0"]
[Round "03"]
[TimeControl "180+1"]
[Date "2022.04.13"]
[WhiteClock "0:00:09"]
[BlackClock "0:00:02"]

1. Nf3 d5 2. d4 Nf6 3. Bf4 e6 4. c3 Bd6 5. Bg3 c5 6. e3 Nc6 7. Nbd2 O-O 8. Bb5 h6 9. O-O Bxg3 10. hxg3 Qd6 11. Qa4 Bd7 12. Qa3 b6 13. c4 a6 14. Bxc6 Bxc6 15. Rfd1 Rfd8 16. Rac1 cxd4 17. Qxd6 Rxd6 18. Nxd4 Ba4 19. b3 Be8 20. cxd5 Rxd5 21. Nc4 Rb8 22. f3 g6 23. Kf2 e5 24. Ne2 Rxd1 25. Rxd1 e4 26. Rd6 Kg7 27. Rxb6 Rd8 28. Rd6 Rc8 29. Nd4 exf3 30. gxf3 Bb5 31. Nxb5 axb5 32. Nd2 Rc2 33. a4 bxa4 34. bxa4 Ra2 35. Rd4 g5 36. g4 h5 37. gxh5 Nxh5 38. Ke2 Ng3+ 39. Kd3 Nf5 40. Re4 Ra3+ 41. Kc2 Ra2+ 42. Kc3 Ra3+ 43. Kb4 Rxe3 44. Rxe3 Nxe3 45. a5 Nd5+ 46. Kc5 Nc7 47. Kb6 Nd5+ 48. Kb7 Nb4 49. Ne4 Kg6 50. Nc5 f5 51. Na6 Nd5 52. Nc7 Nb4 53. Kb6 g4 54. fxg4 fxg4 55. Kb5 g3 56. Ne6 Kf5 57. Nd4+ Ke4 58. Ne2 Nd5 59. Nxg3+ Ke5 60. Ne2 Nc7+ 61. Kc6 Na6 62. Nc3 1-0


[Site "https://www.chess.com"]

[Event "Titled Tuesday Blitz April 12 Early 2022"]
[White "Lach, Aleksandra"]
[Black "Barria Zuniga, Daniel"]
[WhiteFideId "1134299"]
[BlackFideId "3400816"]
[WhiteElo "2172"]
[BlackElo "2414"]
[Result "1-0"]
[Round "03"]
[TimeControl "180+1"]
[Date "2022.04.13"]
[WhiteClock "0:00:44"]
[BlackClock "0:00:19"]

1. e4 g6 2. d4 Bg7 3. Nc3 c5 4. dxc5 Bxc3+ 5. bxc3 Nf6 6. e5 Ne4 7. Qd4 Qa5 8. Bd2 Nxc5 9. Nf3 Nc6 10. Qe3 b6 11. Bd3 Ba6 12. O-O Qa4 13. Bxa6 Qxa6 14. Nd4 O-O 15. f4 Qc4 16. f5 Rac8 17. Rf4 Qd5 18. Nxc6 dxc6 19. Rh4 Rfd8 20. Qh6 Qxe5 21. Qxh7+ Kf8 22. fxg6 fxg6 23. Bh6+ Ke8 24. Qxg6+ Kd7 25. Rd4+ Kc7 26. Bf4 Rxd4 27. Bxe5+ Rd6 28. Bxd6+ exd6 29. Re1 1-0


[Site "https://www.chess.com"]

[Event "Titled Tuesday Blitz April 12 Early 2022"]
[White "Lamaze, Simon"]
[Black "Martinovici, Ilia"]
[WhiteFideId "36069264"]
[BlackFideId "13907034"]
[WhiteElo "1999"]
[BlackElo "2282"]
[Result "0-1"]
[Round "03"]
[TimeControl "180+1"]
[Date "2022.04.13"]
[WhiteClock "0:00:15"]
[BlackClock "0:00:16"]

1. d4 d5 2. c4 e6 3. Nf3 Nf6 4. g3 Bb4+ 5. Bd2 Be7 6. Bg2 O-O 7. O-O c6 8. Qc2 b6 9. Bf4 Ba6 10. Nbd2 Nbd7 11. Rac1 Qc8 12. e4 dxe4 13. Nxe4 Nxe4 14. Qxe4 Nf6 15. Qe2 c5 16. Ne5 Bb7 17. Rfd1 Bxg2 18. Kxg2 Qb7+ 19. Qf3 Qxf3+ 20. Kxf3 Rac8 21. dxc5 Bxc5 22. a3 Rfd8 23. b4 Bd4 24. b5 Bxe5 25. Bxe5 Nd7 26. Bd6 f6 27. Bb4 Ne5+ 28. Ke2 Rxd1 29. Rxd1 Rxc4 30. Rd8+ Kf7 31. Ra8 Rc7 32. f4 Nc4 33. Kd3 f5 34. Rf8+ Kg6 35. Kd4 h6 36. h3 h5 37. Rh8 Nb2 38. Ke5 Nd3+ 39. Kd6 Rc4 40. Re8 Nxb4 41. axb4 Rd4+ 42. Kc6 Kf6 43. Ra8 Rxb4 44. Rxa7 Rb3 45. Kxb6 Rxg3 46. h4 Rg4 47. Ra4 Rxh4 48. Ka5 Rh1 49. b6 Rb1 50. Rb4 Ra1+ 51. Kb5 Ra8 52. Kc6 h4 53. Kc7 g5 54. fxg5+ Kxg5 55. Rd4 h3 56. Rd8 Ra6 57. Rg8+ Kf4 58. Rh8 Kg3 59. Rg8+ Kh2 60. Re8 f4 61. Rxe6 f3 62. Rf6 Kg2 63. Rg6+ Kf1 64. Kc8 h2 65. b7 Rxg6 0-1


[Site "https://www.chess.com"]

[Event "Titled Tuesday Blitz April 12 Early 2022"]
[White "Lashkin, Jegor"]
[Black "Manukyan, Artyom"]
[WhiteFideId "13907808"]
[BlackFideId "13305786"]
[WhiteElo "2368"]
[BlackElo "2034"]
[Result "1-0"]
[Round "03"]
[TimeControl "180+1"]
[Date "2022.04.12"]
[WhiteClock "0:00:12"]
[BlackClock "0:00:07"]

1. Nf3 d5 2. e3 Nf6 3. b3 e6 4. Bb2 Be7 5. d4 O-O 6. Bd3 b6 7. O-O Bb7 8. Nbd2 c5 9. dxc5 bxc5 10. c4 Nc6 11. a3 d4 12. exd4 Nxd4 13. Nxd4 cxd4 14. Nf3 Qc7 15. Nxd4 Rfd8 16. Qe2 Qb6 17. Rad1 a6 18. b4 Rd7 19. c5 Qc7 20. c6 Bxc6 21. Nxc6 Qxc6 22. Bxf6 Bxf6 23. Be4 Rd5 24. Bxd5 exd5 25. Qf3 Rd8 26. Rfe1 h6 27. Rd3 Qc4 28. g3 d4 29. Kg2 Rc8 30. h4 Qb5 31. Qe4 h5 32. Rf3 Qc6 33. Qxc6 Rxc6 34. Re8+ Kh7 35. Rd3 Kg6 36. Kf3 Kf5 37. Re4 Rc2 38. Re8 Rc6 39. Ke2 Rc2+ 40. Ke1 Rc1+ 41. Kd2 Ra1 42. Ke2 Ra2+ 43. Kf3 Rc2 44. Ra8 Rc6 45. a4 Rb6 46. Rb3 Ke5 47. a5 Rd6 48. b5 axb5 49. Rxb5+ Ke6 50. Rb6 Kd7 51. Ra7+ Ke6 52. Rxd6+ Kxd6 53. Rxf7 Kc6 54. Rxf6+ gxf6 55. Ke4 Kb5 56. Kxd4 Kxa5 57. Ke4 Kb6 58. Kf5 Kc6 59. Kxf6 1-0


[Site "https://www.chess.com"]

[Event "Titled Tuesday Blitz April 12 Early 2022"]
[White "Lazavik, Denis"]
[Black "Narayanan, Srinath"]
[WhiteFideId "13515110"]
[BlackFideId "5018420"]
[WhiteElo "2437"]
[BlackElo "2472"]
[Result "1-0"]
[Round "03"]
[TimeControl "180+1"]
[Date "2022.04.12"]
[WhiteClock "0:01:38"]
[BlackClock "0:00:36"]

1. d4 Nf6 2. c4 e6 3. Nf3 d5 4. g3 Be7 5. Bg2 O-O 6. O-O dxc4 7. Qc2 a6 8. a4 Bd7 9. Qxc4 Bc6 10. Bg5 Nbd7 11. Nc3 h6 12. Bxf6 Nxf6 13. Rfd1 Bd5 14. Qd3 Bxf3 15. Bxf3 c6 16. Kg2 Qc7 17. Qc4 Rfd8 18. a5 Rac8 19. Qb3 Rd7 20. e3 Rdd8 21. Rdc1 Rb8 22. Qa4 Qd6 23. Rd1 Qb4 24. Qc2 Qc4 25. Ra4 Qb4 26. Rxb4 Bxb4 27. Qa4 Be7 28. h4 Nd5 29. Nxd5 exd5 30. Rc1 g5 31. hxg5 hxg5 32. Qc2 Kg7 33. Qf5 Rd6 34. Rh1 Rg6 35. Be2 Rd8 36. Bd3 1-0


[Site "https://www.chess.com"]

[Event "Titled Tuesday Blitz April 12 Early 2022"]
[White "Le, Tuan Minh"]
[Black "Zakhartsov, Vladimir"]
[WhiteFideId "12401153"]
[BlackFideId "4145097"]
[WhiteElo "2450"]
[BlackElo "2491"]
[Result "1-0"]
[Round "03"]
[TimeControl "180+1"]
[Date "2022.04.12"]
[WhiteClock "0:00:11"]
[BlackClock "0:00:01"]

1. d4 Nf6 2. Nf3 e6 3. Bf4 c5 4. c3 cxd4 5. cxd4 d5 6. Nc3 a6 7. e3 Be7 8. Bd3 O-O 9. Ne5 b5 10. Qf3 Bb7 11. Qh3 Nbd7 12. O-O g6 13. Rac1 Nxe5 14. Bxe5 Nd7 15. Bf4 Rc8 16. Qg3 Re8 17. h3 Bh4 18. Qg4 Bf6 19. Ne2 Qa5 20. Bb1 Qd2 21. b3 Rxc1 22. Nxc1 Rc8 23. Nd3 Bg7 24. Qf3 a5 25. h4 b4 26. Rd1 Qc3 27. h5 Ba6 28. hxg6 hxg6 29. g4 Nf6 30. Kg2 Bxd3 31. Bxd3 Qb2 32. Bg5 Nh7 33. Bf4 Qxa2 34. Rh1 Qxb3 35. Qh3 Qxd3 36. Qxh7+ Kf8 37. Bd6+ Ke8 38. Qxg7 Qe4+ 39. f3 Rc2+ 40. Kg3 Qd3 41. Rh8+ Kd7 42. Qxf7+ Kc6 43. Rc8+ Kb5 44. Qe8+ Kb6 45. Bc5+ Kb7 46. Qc6# 1-0


[Site "https://www.chess.com"]

[Event "Titled Tuesday Blitz April 12 Early 2022"]
[White "Legenia, Artem"]
[Black "Ezat, Mohamed"]
[WhiteFideId "14136945"]
[BlackFideId "10600906"]
[WhiteElo "1936"]
[BlackElo "2386"]
[Result "0-1"]
[Round "03"]
[TimeControl "180+1"]
[Date "2022.04.13"]
[WhiteClock "0:01:22"]
[BlackClock "0:01:25"]

1. c4 Nf6 2. b3 g6 3. Bb2 Bg7 4. g3 O-O 5. Bg2 c5 6. d3 Nc6 7. a3 d5 8. cxd5 Nxd5 9. Bxg7 Kxg7 10. Nd2 e6 11. Ngf3 b6 12. Qc2 Bb7 13. O-O Rc8 14. e3 Ba6 15. Nc4 Qf6 16. Rac1 Rfd8 17. Rfd1 h5 18. Qb2 Qxb2 19. Nxb2 Na5 20. Nd2 Ne7 21. Bf1 Nec6 22. Rc2 Ne5 23. Rc3 h4 24. Rdc1 hxg3 25. hxg3 Nb7 26. d4 Bxf1 27. Kxf1 Rh8 28. dxe5 Rcd8 29. Rd3 Rh1+ 30. Ke2 Rxc1 0-1


[Site "https://www.chess.com"]

[Event "Titled Tuesday Blitz April 12 Early 2022"]
[White "Li, Xueyi"]
[Black "Vlassov, Nikolai"]
[WhiteFideId "8605912"]
[BlackFideId "4103360"]
[WhiteElo "2091"]
[BlackElo "2407"]
[Result "0-1"]
[Round "03"]
[TimeControl "180+1"]
[Date "2022.04.13"]
[WhiteClock "0:00:52"]
[BlackClock "0:01:40"]

1. d4 Nf6 2. c4 Nc6 3. Nc3 e5 4. d5 Ne7 5. g3 Ng6 6. Bg2 Bc5 7. e3 a5 8. Nge2 d6 9. h4 h6 10. Bd2 O-O 11. Qc2 c6 12. O-O-O cxd5 13. Nxd5 Nxd5 14. Bxd5 Ne7 15. Bg2 Bf5 16. e4 Be6 17. f4 b5 18. f5 Bxc4 19. f6 Bxe2 20. Rde1 Bg4 21. fxg7 Kxg7 22. Bxh6+ Kxh6 23. Qd2+ Kh7 0-1


[Site "https://www.chess.com"]